 Dungeon Crawl Stone Soup version 0.22-a0-515-g75794bf (webtiles) character file.

152 Amnesiac the Ducker (level 5, -7/28 HPs)
             Began as a Spriggan Earth Elementalist on June 19, 2018.
             Shot with an arrow by a centaur (11 damage)
             ... on level 4 of the Dungeon.
             The game lasted 00:04:31 (2277 turns).

Amnesiac the Ducker (Spriggan Earth Elementalist)   Turns: 2277, Time: 00:04:31

Health: -7/28      AC:  5    Str:  4    XL:     5   Next: 11%
Magic:  7/10       EV: 19    Int: 18    God:
Gold:   118        SH:  3    Dex: 16    Spells: 6/9 levels left

rFire    . . .     SeeInvis +   s - +2 hunting sling (flame)
rCold    . . .     Gourm    .   (shield restricted)
rNeg     + . .     Faith    .   c - +0 robe
rPois    .         Spirit   .   (helmet restricted)
rElec    .         Reflect  +   (no cloak)
rCorr    .         Harm     .   (gloves unavailable)
MR       .....                  (boots unavailable)
Stlth    ++........             y - +3 amulet of reflection
HPRegen  0.09/turn              p - ring of positive energy
MPRegen  0.12/turn              t - +3 ring of protection

@: very quick
A: very small, unfitting armour, see invisible, herbivore, speed 3, slow
metabolism 2
a: no special abilities


You were on level 4 of the Dungeon.
You were not hungry.

You visited 1 branch of the dungeon, and saw 4 of its levels.

You collected 118 gold pieces.

Inventory:

Hand Weapons
 g - a +0 mace
 n - a +0 dagger
 r - a +0 trident
 s - a +2 hunting sling of flaming (weapon)
Missiles
 b - 75 stones
 u - a sling bullet (quivered)
Armour
 c - a +0 robe (worn)
Jewellery
 e - an uncursed amulet of regeneration
 p - a ring of positive energy (left hand)
 t - a +3 ring of protection (right hand)
 y - a +3 amulet of reflection (around neck)
Scrolls
 j - a scroll of magic mapping {!r, unknown}
 k - a scroll of identify {!r}
 l - a scroll of fog {!r}
 m - a scroll of remove curse {!r}
 o - a scroll of teleportation {!r, unknown}
 v - a scroll of immolation {!r, unknown}
 w - a scroll of fear {!r}
Potions
 a - a potion of degeneration {!q, unknown}
 f - 2 potions of might {!q, unknown}
 h - a potion of berserk rage {!q, unknown}
 i - a potion of invisibility {!q, unknown}
 q - a potion of agility {!q}
 x - a potion of magic {!q, unknown}
Comestibles
 d - 5 rations


   Skills:
 * Level 2.9 Fighting
 + Level 3.9 Dodging
 - Level 3.0 Stealth
 - Level 2.6 Spellcasting
 - Level 1.3 Transmutations
 + Level 3.6 Earth Magic


You had 6 spell levels left.
You knew the following spells:

 Your Spells              Type           Power        Failure   Level  Hunger
a - Sandblast             Erth           ###...       3%          1    #......
b - Passwall              Tmut/Erth      ##......     10%         2    ##.....

Your spell library contained the following spells:

 Spells                   Type           Power        Failure   Level  Hunger
 Stone Arrow              Conj/Erth      #.....       24%         3    ###....
 Lee's Rapid Deconstruct  Erth           ###.......   71%         5    ######.
 Petrify                  Tmut/Erth      ##......     52%         4    #####..


Dungeon Overview and Level Annotations

Branches:
Dungeon (4/15)
 Temple: D:4-7

Altars:


Innate Abilities, Weirdness & Mutations

You are very small and have problems with some larger weapons.
You are too small for most types of armour.
You have supernaturally acute eyesight. (SInv)
You are a herbivore.
You cover ground extremely quickly.
You need to consume almost no food.


Message History

Firing (i - inventory. (/) - cycle)
u - 5 sling bullets (quivered)
Press: ? - help, Shift-Dir - straight line, f/p - orc
Aim: an orc, wielding a hand axe (moderately wounded)
You shoot a sling bullet. The sling bullet hits the orc.
The sling bullet burns the orc.
The orc is almost dead.
Unknown command.
Firing (i - inventory. (/) - cycle)
u - 4 sling bullets (quivered)
Press: ? - help, Shift-Dir - straight line, f/p - orc
Aim: an orc, wielding a hand axe (almost dead)
You shoot a sling bullet.
The sling bullet hits the orc but does no damage.
The orc is almost dead.
Unknown command.
Firing (i - inventory. (/) - cycle)
u - 3 sling bullets (quivered)
Press: ? - help, Shift-Dir - straight line, f/p - orc
Aim: an orc, wielding a hand axe (almost dead)
You shoot a sling bullet. The sling bullet hits the orc.
The sling bullet burns the orc.
You kill the orc!
Unknown command.
Firing (i - inventory. (/) - cycle)
u - 2 sling bullets (quivered)
Press: ? - help, Shift-Dir - straight line, f - orc
Aim: an orc, wielding a hand axe (almost dead)
You shoot a sling bullet. The sling bullet hits the orc!
The sling bullet burns the orc.
You kill the orc!
The centaur wields a shortbow.
The centaur shoots an arrow.
The arrow hits you.
The centaur shoots an arrow.
You reflect the arrow off an invisible shield around you!
The arrow hits the centaur.
Casting: Sandblast (safe; 3% risk of failure)
Confirm with . or Enter, or press ? or * to list all spells.
Aiming: Sandblast (safe; 3% risk of failure)
Press: ? - help, Shift-Dir - straight line, f - centaur
Aim: a centaur, wielding a shortbow (moderately wounded)
The blast of sand hits the centaur.
The centaur is heavily wounded.
b - 77 stones The centaur shoots an arrow.
The arrow hits you!
Ouch! That really hurt!
* * * LOW HITPOINT WARNING * * *
Casting: Sandblast (safe; 3% risk of failure)
Confirm with . or Enter, or press ? or * to list all spells.
Aiming: Sandblast (safe; 3% risk of failure)
Press: ? - help, Shift-Dir - straight line, f/p - centaur
Aim: a centaur, wielding a shortbow (heavily wounded)
The blast of sand hits the centaur.
The centaur is severely wounded.
b - 76 stones The centaur shoots an arrow.
The arrow misses you.
Unknown command.
Casting: Sandblast (safe; 3% risk of failure)
Confirm with . or Enter, or press ? or * to list all spells.
Aiming: Sandblast (safe; 3% risk of failure)
Press: ? - help, Shift-Dir - straight line, f/p - centaur
Aim: a centaur, wielding a shortbow (severely wounded)
The blast of sand hits the centaur.
The centaur is almost dead.
b - 75 stones The centaur shoots an arrow.
The arrow hits you.
* * * LOW HITPOINT WARNING * * *
The centaur shoots an arrow.
The arrow hits you!
You die...

### ..# #.###
....# #.#.#
####.#.#
#<...#@#####
#.#........#
........##(###.#
c.###.####c# #.#
#o# #.# #(#
###.####.#
((.co....#
...o(.(..#


You could see a centaur and an orc.

Vanquished Creatures
  An orc wizard (D:3)
  4 adders
  2 oozes
  2 worms (D:2)
  3 dart slugs
  4 leopard geckos
  10 orcs
  5 bats
  3 giant cockroaches
  6 goblins
  3 jackals (D:2)
  5 kobolds
  2 quokkas (D:2)
  4 frilled lizards
  5 rats
59 creatures vanquished.

Notes
Turn   | Place    | Note
-------+----------+-------------------------------------------
     0 | D:1      | Amnesiac the Spriggan Earth Elementalist began the quest for the Orb.
     0 | D:1      | Reached XP level 1. HP: 9/9 MP: 5/5
   115 | D:1      | Reached skill level 1 in Fighting
   115 | D:1      | Reached XP level 2. HP: 14/14 MP: 6/6
   811 | D:1      | Learned a level 2 spell: Passwall
   926 | D:2      | Reached XP level 3. HP: 18/18 MP: 5/8
  1429 | D:2      | Reached XP level 4. HP: 10/23 MP: 9/9
  2055 | D:3      | Reached XP level 5. HP: 28/28 MP: 10/10
  2242 | D:4      | Noticed a centaur
  2277 | D:4      | Shot with an arrow by a centaur

Vault maps used:
D:1:      lightli_arrival_noodles
D:2:      first_ration, hex_tiny, lemuel_old_faithful
D:4:      uniq_menkaure

Skill      XL: |  1  2  3 |
---------------+----------+-----
Fighting       | 1 2 |  2.9
Earth Magic    | 3 |  3.6
Dodging        | |  3.9
Stealth        | |  3.0
Spellcasting   | |  2.6
Transmutations | |  1.3

Action                   |  1- 3 |  4- 6 || total
-------------------------+-------+-------++-------
Melee: Unarmed           |     5 |       ||     5
       Mace              |    55 |       ||    55
       Trident           |    48 |    20 ||    68
 Fire: Hunting sling     |       |    72 ||    72
 Cast: Sandblast         |    13 |     6 ||    19
  Use: Scroll            |       |     5 ||     5
 Stab: Sleeping          |     7 |     1 ||     8
       Distracted        |     1 |       ||     1
Armor: Robe              |     8 |     2 ||    10
Dodge: Dodged            |    93 |    38 ||   131
Block: Other             |       |     1 ||     1
       Reflection        |       |     1 ||     1

Table legend:
 A = Spawn XP
 B = Non-spawn XP
 C = Spawn XP percentage of total XP
 D = Spawn monster count
 E = Non-spawn monster count
 F = Spawn count percentage of total count
 G = Total turns spent on level
                    A         B        C        D         E        F      G
               +---------+---------+-------+---------+---------+-------+---------
         Total |       0 |     218 |   0.0 |       0 |      59 |   0.0 |  2277
               +---------+---------+-------+---------+---------+-------+---------
           D:1 |       0 |      30 |   0.0 |       0 |      14 |   0.0 |   810
           D:2 |       0 |      83 |   0.0 |       0 |      20 |   0.0 |   779
           D:3 |       0 |      96 |   0.0 |       0 |      22 |   0.0 |   651
           D:4 |       0 |       9 |   0.0 |       0 |       3 |   0.0 |    37
               +---------+---------+-------+---------+---------+-------+---------
